 Dungeon Crawl Stone Soup version 0.27.0-1-g7a089689b8 (webtiles) character file.

Game seed: 1500573171744091694

330 Krom the Digger (level 6, -1/32 HPs)
             Began as a Gargoyle Earth Elementalist on Aug 14, 2021.
             Was an Initiate of Vehumet.
             Slain by an ogre (33 damage)
             ... on level 4 of the Dungeon.
             The game lasted 00:08:41 (3500 turns).

Krom the Digger (Gargoyle Earth Elementalist)       Turns: 3500, Time: 00:08:41

Health: -1/32      AC:  6    Str: 11    XL:     6   Next: 51%
Magic:  12/13      EV: 11    Int: 18    God:    Vehumet [......]
Gold:   155        SH:  0    Dex: 10    Spells: 10/14 levels left

rFire    . . .     SeeInvis .   m - +2 dagger (venom)
rCold    . . .     Faith    .   (no shield)
rNeg     + . .     Spirit   .   b - +0 robe
rPois    ∞         Reflect  .   (no helmet)
rElec    +         Harm     .   (no cloak)
rCorr    .         Rampage  .   (no gloves)
Will     .....                  (no boots)
Stlth    ++........             (no amulet)
HPRegen  0.10/turn              (no ring)
MPRegen  0.13/turn              (no ring)

@: no status effects
A: sickness immunity, AC +4, negative energy resistance 1, electricity
resistance, torment resistance 1, petrification resistance
a: Renounce Religion


You were on level 4 of the Dungeon.
You worshipped Vehumet.
Vehumet was noncommittal.
You visited 2 branches of the dungeon, and saw 5 of its levels.

You collected 155 gold pieces.

Inventory:

Hand Weapons
 d - a +0 hand axe of freezing
 m - a +2 dagger of venom (weapon)
Missiles
 c - 72 stones
 f - 36 bolts
 g - 29 poisoned darts
Armour
 b - a +0 robe (worn)
Wands
 k - a wand of polymorph (7)
Scrolls
 e - 3 scrolls of identify {unknown}
 l - a scroll of holy word {unknown}
Potions
 a - 3 potions of heal wounds {unknown}
 h - a potion of might {unknown}
 i - a potion of brilliance {unknown}
 j - a potion of attraction {unknown}


   Skills:
 - Level 1.5 Dodging
 - Level 2.1 Stealth
 * Level 4.7 Spellcasting
 + Level 2.4 Conjurations
 - Level 0.7 Transmutations
 + Level 5.4 Earth Magic


You had 10 spell levels left.
You knew the following spells:

 Your Spells              Type           Power      Damage    Failure   Level
a - Sandblast             Erth           46%        2d11      1%          1
b - Stone Arrow           Conj/Erth      36%        3d9       9%          3

Your spell library contained the following spells:

 Spells                   Type           Power      Damage    Failure   Level
 Passwall                 Tmut/Erth      12%        N/A       6%          2
 Petrify                  Tmut/Erth      15%        N/A       36%         4
 Ozocubu's Armour         Ice            4%         N/A       38%         3
 Ozocubu's Refrigeration  Ice            2%         4d5       100%        7


Dungeon Overview and Level Annotations

Branches:
Dungeon (4/15)             Temple (1/1) D:4

Altars:
Cheibriados
Dithmenos
Hepliaklqana
Kikubaaqudgha
Trog
Uskayaw
Vehumet
Wu Jian
Yredelemnul
Zin
The Shining One

Shops:
D:4 [


Innate Abilities, Weirdness & Mutations

You are immune to sickness and miasma.
Your stone body is resilient. (AC +4)
You are immune to poison.
You resist negative energy. (rN+)
You are resistant to electric shocks. (rElec)
You are resistant to unholy torment.
You are immune to petrification.


Message History

The dart slug is almost dead.
You kill the dart slug!
No target in view!
HP restored.
You open the door.
Found a staircase to the Ecumenical Temple.
Found Loll's Antique Armour Boutique.
Found a stone staircase leading down.
You now have 155 gold pieces (gained 16).
There is a staircase to the Ecumenical Temple here.
You climb downwards.
Welcome to the Ecumenical Temple!
There is a staircase back to the Dungeon here.
As you open the gate, it creaks loudly!
Found two altars.
Found a hide-covered altar of Uskayaw and a bloodstained altar of Trog.
There is an open gate here.
Found a snail-covered altar of Cheibriados.
Found a radiant altar of Vehumet and a basalt altar of Yredelemnul.
Found a hazy altar of Hepliaklqana and a glowing silver altar of Zin.
There is a snail-covered altar of Cheibriados here.
There is a fountain of clear blue water here.
There is a radiant altar of Vehumet here.
You kneel at the altar of Vehumet.
Vehumet welcomes you!
There is a snail-covered altar of Cheibriados here.
There is an open gate here.
There is a staircase back to the Dungeon here.
You climb upwards.
Welcome back to the Dungeon!
There is a staircase to the Ecumenical Temple here.
There is a fountain of clear blue water here.
An ogre comes into view. It is wielding a +0 giant spiked club.
The ogre shouts!
An adder comes into view.
The ogre moves out of view.
The adder hisses angrily.
The ogre misses you.
The blast of sand misses the ogre.
The ogre hits you with a +0 giant spiked club!!
Ouch! That really hurt!
You die...

######### ........#.##
........'..#
........#..#
........#..#
........#..# #####
........#..# #####....#
......S@#..###........##
######O#.......8.8.8....
#.'∩'........⌠.⌠.....
....#'#.......8.>.8....
....##..........⌠.⌠.....
.... #.........8.8.8....
... #..................
.. #..................
#.. #..................


You could see an ogre and an adder.

Vanquished Creatures
  A scorpion (D:4)
  A hound (D:4)
  A centaur skeleton (D:4)
  2 orc priests (D:4)
  2 orc wizards (D:4)
  A hound skeleton (D:4)
  2 worms
  A dart slug (D:4)
  9 orcs
  9 ball pythons
  8 bats
  5 endoplasms
  4 giant cockroaches
  4 goblins
  4 hobgoblins
  8 jackals
  2 quokkas
  3 frilled lizards (D:2)
  8 kobolds
  4 rats (D:2)
79 creatures vanquished.

Notes
Turn   | Place    | Note
-------+----------+-------------------------------------------
     0 | D:1      | Krom the Gargoyle Earth Elementalist began the quest for
                  | the Orb.
     0 | D:1      | Reached XP level 1. HP: 10/10 MP: 3/3
    12 | D:1      | You fall into a shaft and drop 1 floor!
    75 | D:1      | Found a faded altar of an unknown god.
   158 | D:1      | Reached XP level 2. HP: 15/15 MP: 5/5
   410 | D:1      | Reached skill level 4 in Earth Magic
   955 | D:2      | Reached XP level 3. HP: 17/19 MP: 7/7
  1965 | D:3      | Learned a level 3 spell: Stone Arrow
  1978 | D:3      | Reached XP level 4. HP: 24/24 MP: 6/9
  2670 | D:4      | Found an ornate altar of the Wu Jian Council.
  2701 | D:4      | Noticed a scorpion
  2710 | D:4      | Killed a scorpion
  2711 | D:4      | Reached skill level 1 in Conjurations
  2711 | D:4      | Reached XP level 5. HP: 13/28 MP: 7/10
  3026 | D:4      | Reached skill level 5 in Earth Magic
  3137 | D:4      | Found a shadowy altar of Dithmenos.
  3184 | D:4      | Reached XP level 6. HP: 23/32 MP: 7/12
  3442 | D:4      | Found a staircase to the Ecumenical Temple.
  3443 | D:4      | Found Loll's Antique Armour Boutique.
  3453 | Temple   | Entered the Ecumenical Temple
  3472 | Temple   | Became a worshipper of Vehumet
  3500 | D:4      | Slain by an ogre

Illustrated notes

Levels and vault maps discovered:
D:1:      minmay_arrival_five_plusses, layout_loops_ring,
          ebering_ecumenical_altar_abandoned
D:2:      layout_basic
D:3:      layout_basic
D:4:      layout_basic, old_standard_altar, lemuel_round_altar,
          minmay_temple_entry_statues_fountains, serial_shops,
          nicolae_shop_behind_doors, chequers_avenue, minmay_misc_feat_doors,
          kennysheep_generic_room_5, uniq_crazy_yiuf_cottage
Temple:   jpeg_temple_island

Skill      XL: |  1  2  3  4  5 |
---------------+----------------+-----
Earth Magic    | 4 5 |  5.4
Spellcasting   | 3 4 |  4.7
Conjurations   | 1 2 |  2.4
Dodging        | |  1.5
Stealth        | |  2.1
Transmutations | |  0.7

Action                   |  1- 3 |  4- 6 || total
-------------------------+-------+-------++-------
Melee: Hand axe          |   116 |    48 ||   164
       Dagger            |       |     3 ||     3
 Cast: Sandblast         |    11 |    29 ||    40
 Stab: Sleeping          |     2 |     1 ||     3
Armor: Robe              |    45 |    30 ||    75
Dodge: Dodged            |    79 |    53 ||   132
